 Dungeon Crawl Stone Soup version 0.18-a0-750-g37044d6 (webtiles) character file.

5958 Oleczek the Fighter (level 10, -8/72 HPs)
             Began as a Gargoyle Fighter on Dec 11, 2015.
             Was an Elder of Okawaru.
             Mangled by a hill giant
             ... wielding a +0 giant club
              (16 damage)
             ... on level 11 of the Dungeon.
             The game lasted 00:33:29 (10093 turns).

Oleczek the Fighter (Gargoyle Fighter)             Turns: 10093, Time: 00:33:29

Health: -8/72      AC: 19    Str: 23    XL:     10   Next: 84%
Magic:  10/10      EV:  2    Int: 13    God:    Okawaru [****..]
Gold:   600        SH:  9    Dex:  9    Spells: 0 memorised, 9 levels left

rFire  . . .     SeeInvis .     J - -2 morningstar (curse)
rCold  . . .     Clarity  .     b - +0 scale mail
rNeg   + . .     SustAt   +     c - +0 shield
rPois  ∞         Gourm    .     n - +0 helmet
rElec  +         Spirit   .     (no cloak)
rCorr  .         Dismiss  .     N - +2 pair of gloves
rMut   .         Stasis   .     x - +0 pair of boots
MR     .....                    (no amulet)
Stlth  ..........               s - ring of sustain attributes
                                C - +4 ring of intelligence

@: studying Crossbows, not resistant to hostile enchantments, extremely
unstealthy
A: negative energy resistance 1, electricity resistance, unbreathing,
petrification resistance, rot immunity, AC +7
a: Heroism, Renounce Religion


You were on level 11 of the Dungeon.
You worshipped Okawaru.
Okawaru was greatly pleased with you.
You were not hungry.

You visited 2 branches of the dungeon, and saw 12 of its levels.

You collected 600 gold pieces.

Inventory:

Hand Weapons
 a - a +1 flail of freezing
 J - a cursed -2 morningstar (weapon)
Armour
 b - a +0 scale mail (worn)
 c - a +0 shield (worn)
 n - a +0 helmet (worn)
 x - a +0 pair of boots (worn)
 y - a +1 pair of gloves
 N - a +2 pair of gloves (worn)
Jewellery
 l - an uncursed ring of positive energy
 p - an uncursed amulet of dismissal {unknown}
 s - a ring of sustain attributes (right hand)
 C - a +4 ring of intelligence (left hand)
 K - an uncursed amulet of clarity {unknown}
 L - a cursed ring of teleportation {unknown}
Wands
 v - a wand of frost (17)
 O - a wand of random effects (23)
Scrolls
 f - 6 scrolls of magic mapping
 q - 2 scrolls of fog
 F - 2 scrolls of enchant weapon
 I - 2 scrolls of teleportation
 P - a scroll of enchant armour {unknown}
 Q - a scroll of silence {unknown}
Potions
 d - 3 potions of might
 i - a potion of brilliance
 j - 3 potions of haste
 k - 4 potions of cure mutation
 o - 3 potions of agility
 r - a potion of cancellation {unknown}
 t - 3 potions of curing
 u - 2 potions of degeneration {unknown}
 z - a potion of flight {unknown}
 A - 3 potions of berserk rage {unknown}
 B - a potion of resistance {unknown}
 G - a potion of poison {unknown}
 H - a potion of heal wounds {unknown}
Books
 M - a manual of Crossbows
 R - a Fen Folio

   Spells                             Type                      Level
   a - Corpse Rot                     Necromancy                   2
   b - Stone Arrow                    Conjuration/Earth            3
   c - Leda's Liquefaction            Hexes/Earth                  4
   d - Summon Forest                  Summoning/Translocation      5
   e - Hydra Form                     Transmutation                6
   f - Summon Hydra                   Summoning                    7
Comestibles
 e - 3 bread rations
 g - 4 royal jellies
 h - 2 meat rations
 w - 2 slices of pizza
 D - 6 fruits
 E - 2 beef jerkies


   Skills:
 + Level 12.4 Fighting
 + Level 11.2 Maces & Flails
 - Level 3.4 Armour
 - Level 3.5 Shields


You had 9 spell levels left.
You didn't know any spells.

Dungeon Overview and Level Annotations

Branches:
Dungeon (11/15)            Temple (1/1) D:5
   Lair: D:8-11         Orc: D:9-12

Altars:
Ashenzari
Cheibriados
Dithmenos
Elyvilon
Fedhas
Gozag
Kikubaaqudgha
Makhleb
Nemelex Xobeh
Okawaru
Pakellas
Qazlal
Ru
Sif Muna
Trog
Vehumet
Xom
Yredelemnul
Zin
The Shining One

Shops:
D:3 *   D:6 }   D:7 [(![(   D:9 }(=

Portals:
Bailey: D:9


Innate Abilities, Weirdness & Mutations

You are resistant to torment.
Your stone body is resilient (AC +7).
You are immune to poison.
You resist negative energy.
You are resistant to electric shocks.
You can survive without breathing.
You are immune to petrification.
You are immune to rotting.


Message History

You start resting.
You are near starving!
You start resting.
HP restored.
Eat which item? (? for menu, Esc to quit)
You continue eating. x2
You finish eating.
That bread ration really hit the spot!
There is a stone staircase leading down here.
You climb downwards.
The hill giant hits you with a giant club!!
There is a stone staircase leading up here.
You hit the hill giant.
The hill giant is lightly wounded.
The hill giant hits you with a giant club!
You hit the hill giant but do no damage.
The hill giant is lightly wounded.
The hill giant hits you with a giant club!!
* * * LOW HITPOINT WARNING * * *
The hill giant hits you with a giant club!
You die...

##### ## #...# ##### #...
#...###...# .....
###.........##......
######...........§)......
##........................
#.........................
#.........................
#........@C...............
#.........................
##........................
#........................
#...##...................
##.......................
#.......................
#......#.....#.......###
#....###...#####........


You could see a hill giant.

Vanquished Creatures
  A gargoyle (D:11)
  The ghost of ThermosAquaticus the Cleaver, an amateur HOAK of Lugonu (D:4)
  A two-headed ogre (D:11)
  2 wyverns
  3 yaks (D:11)
  A hungry ghost (D:7)
  A hippogriff (D:8)
  2 orc warriors
  Duvessa (D:6)
  2 ice beasts
  A necrophage (D:9)
  A phantom (D:7)
  A sky beast (D:7)
  4 ogres
  5 centaurs
  2 big kobolds (D:8)
  11 giant frogs
  3 scorpions
  Dowan (D:6)
  3 wights (D:9)
  4 killer bees (D:7)
  10 crimson imps
  A centaur zombie (D:7)
  3 jellies
  Crazy Yiuf (D:3)
  A giant frog zombie (D:7)
  2 orc priests
  A centaur skeleton (D:4)
  2 giant frog skeletons
  A hound (D:9)
  7 orc wizards
  An iguana (D:5)
  7 worker ants
  A hound zombie (D:6)
  A mummy (D:4)
  7 gnolls
  A hound skeleton (D:11)
  9 adders
  2 worker ant zombies
  A shadow imp (D:11)
  3 worms
  4 giant geckos
  31 orcs
  4 ball pythons
  10 bats
  11 goblins
  4 hobgoblins
  13 jackals
  14 kobolds
  7 quokkas
  3 giant cockroaches
  A giant gecko skeleton (D:6)
  5 giant newts
  A jackal zombie (D:8)
  A quokka skeleton (D:6)
  8 rats
230 creatures vanquished.

Vanquished Creatures (others)
  An orc warrior (D:8)
  An adder (D:8)
2 creatures vanquished.

Grand Total: 232 creatures vanquished

Notes
Turn   | Place    | Note
--------------------------------------------------------------
     0 | D:1      | Oleczek the Gargoyle Fighter began the quest for the Orb.
     0 | D:1      | Reached XP level 1. HP: 14/14 MP: 1/1
   379 | D:1      | Reached XP level 2. HP: 19/19 MP: 2/2
   973 | D:2      | Reached XP level 3. HP: 19/24 MP: 3/3
  1027 | D:2      | Found an oddly glowing altar of Pakellas.
  1090 | D:2      | Reached skill level 4 in Fighting
  1228 | D:2      | Found a sacrificial altar of Ru.
  1327 | D:2      | Reached XP level 4. HP: 26/30 MP: 4/4
  2101 | D:3      | Found Zin's Purification Station.
  2104 | D:3      | Found a glowing silver altar of Zin.
  2124 | D:3      | Reached XP level 5. HP: 11/34 MP: 5/5
  2127 | D:3      | Reached skill level 5 in Fighting
  2752 | D:3      | Noticed Crazy Yiuf
  2759 | D:3      | Killed Crazy Yiuf
  3068 | D:4      | Noticed ThermosAquaticus's ghost (amateur HOAK)
  3093 | D:4      | Killed ThermosAquaticus's ghost
  3093 | D:4      | Reached skill level 6 in Fighting
  3093 | D:4      | Reached XP level 6. HP: 14/41 MP: 6/6
  3101 | D:4      | Reached skill level 5 in Maces & Flails
  3323 | D:4      | Reached XP level 7. HP: 36/47 MP: 7/7
  3415 | D:4      | Found a radiant altar of Vehumet.
  3440 | D:4      | Found a glowing golden altar of the Shining One.
  3492 | D:4      | Found a sacrificial altar of Ru.
  3549 | D:4      | Found a sand-covered staircase.
  3811 | D:4      | Found a burning altar of Makhleb.
  3868 | D:5      | Entered Level 5 of the Dungeon
  3983 | D:5      | Reached skill level 7 in Fighting
  4359 | D:5      | Found a staircase to the Ecumenical Temple.
  4382 | D:5      | Reached XP level 8. HP: 14/53 MP: 8/8
  4791 | D:5      | Reached skill level 8 in Fighting
  4897 | Temple   | Entered the Ecumenical Temple
  5232 | Temple   | Became a worshipper of Warmaster Okawaru
  5660 | D:6      | Found Reuph's Gadget Shoppe.
  5710 | D:6      | Noticed Dowan
  5711 | D:6      | Noticed Duvessa
  5746 | D:6      | Killed Duvessa
  5771 | D:6      | Killed Dowan
  6044 | D:6      | Reached * piety under Okawaru
  6096 | D:6      | Found a bloodstained altar of Trog.
  6138 | D:6      | Reached skill level 9 in Fighting
  6212 | D:6      | Found a white marble altar of Elyvilon.
  6362 | D:6      | Reached XP level 9. HP: 51/60 MP: 9/9
  6602 | D:7      | Found Giggafor's Antique Armour Shoppe.
  6647 | D:7      | Found Voly Mia's Weapon Shop.
  6662 | D:7      | You fall through a shaft!
  6662 | D:8      | Found a blossoming altar of Fedhas.
  6859 | D:8      | Reached ** piety under Okawaru
  6904 | D:8      | Reached skill level 10 in Fighting
  7372 | D:7      | Found Geisch's Distillery.
  7394 | D:7      | Found Tiurph's Antique Armour Shoppe.
  7439 | D:7      | Found Eloles's Antique Weapon Shop.
  7825 | D:7      | Reached *** piety under Okawaru
  7825 | D:7      | Reached skill level 11 in Fighting
  7926 | D:7      | Reached XP level 10. HP: 54/69 MP: 10/10
  8211 | D:7      | Reached skill level 10 in Maces & Flails
  8758 | D:8      | Found a shattered altar of Ashenzari.
  8985 | D:9      | Found Heseamy's Gadget Shoppe.
  9034 | D:9      | Found Ixycol's Antique Weapon Shop.
  9070 | D:9      | Reached **** piety under Okawaru
  9131 | D:9      | Found a flagged portal.
  9181 | D:9      | Found Gufoppigg's Jewellery Shop.
  9307 | D:9      | You fall through a shaft for 2 floors!
  9325 | D:11     | Reached skill level 12 in Fighting
  9768 | D:11     | Noticed a hill giant
  9783 | D:10     | Entered Level 10 of the Dungeon
  9783 | D:10     | Found a burning altar of Makhleb.
 10093 | D:11     | Mangled by a hill giant

Vault maps used:
D:1:      sevenhm_arrival_forest_fort_large_4, minmay_misc_feat_diagonals
D:2:      lemuel_round_altar, nicolae_ru_awakened_eye
D:3:      zin_purify, uniq_crazy_yiuf_cottage
D:4:      nicolae_overflow_quartered_altars, gup_ossuary_entry_pyramid
D:5:      temple_doors_e, serial_curves, eino_curves_04, eino_curves_01,
          first_bread, hangedman_decor_clover_reticule
D:6:      lemuel_crystal_altar, serial_shops, shop_coins,
          trog_three_pillars_becter, uniq_duvessa
D:7:      serial_shops, nicolae_shop_behind_doors, shop, shop, shop,
          nicolae_shop_competitors_out_of_business
D:8:      lemuel_coloured_pillars_altar, fedhas_altar_1
D:9:      enter_bailey_3, serial_glass, glass_columns_a, glass_columns_a,
          serial_shops, nicolae_shop_waterfront, shop, nicolae_shop_waterfront,
          shop_statue
D:10:     david_orc_5, basic_altar, hangedman_ranch, roderic_lattice_a,
          minmay_misc_feat_cross, bloody_makhleb, uniq_joseph, uniq_fannar,
          uniq_erolcha
D:11:     david_lair_shrubbed
Temple:   triangle_lava_temple_11

Action                   |  1- 3 |  4- 6 |  7- 9 | 10-12 || total
-------------------------+-------+-------+-------+-------++-------
Melee: Flail             |   148 |   139 |   479 |       ||   766
       Morningstar       |       |       |    67 |   288 ||   355
Invok: Heroism           |       |       |       |     1 ||     1
  Use: Scroll            |     4 |     5 |     6 |     2 ||    17
  Eat: Chunk             |     2 |     2 |     7 |     6 ||    17
       Meat ration       |       |     1 |       |       ||     1
       Bread ration      |       |       |     3 |     1 ||     4
